 Dungeon Crawl Stone Soup version 0.29.1-12-g30fa7ad0bf (webtiles) character file.

Game seed: 16896720414034095891

17 MisterFreud the Ducker (level 2, -1/14 HPs)
             Began as a Felid Berserker on Jan 10, 2023.
             Was a Follower of Trog.
             Slain by a quokka (4 damage)
             ... on level 1 of the Dungeon.
             The game lasted 00:00:36 (559 turns).

MisterFreud the Ducker (Felid Berserker)             Turns: 559, Time: 00:00:37

Health: -1/14      AC:  1    Str: 13    XL:     2   Next: 44%
Magic:  3/3        EV: 18    Int:  8    God:    Trog [*.....]
Gold:   23         SH:  0    Dex: 15    Spells: 1/1 levels left
                                        Lives:  0   Deaths: 0

rFire   . . .      SeeInvis +     - Unarmed
rCold   . . .      Faith    .   (shield unavailable)
rNeg    . . .      Spirit   .   (body armour unavailable)
rPois   .          Reflect  .   (helmet unavailable)
rElec   .          Harm     .   (cloak unavailable)
rCorr   .          Rampage  .   (gloves unavailable)
Will    .....                   (boots unavailable)
Stlth   ++........              (no amulet)
HPRegen 0.04/turn               (no ring)
MPRegen 0.08/turn               (no ring)

@: quick
A: very small, claws 1, fangs 3, see invisible, speed 1, shaggy fur 1, stealthy
paws, no weapons or thrown items, no armour, multi-lived
a: Renounce Religion, Berserk


You were on level 1 of the Dungeon.
You worshipped Trog.
Trog was aware of your devotion.
You visited 1 branch of the dungeon, and saw 1 of its levels.

You collected 23 gold pieces.

Inventory:

Scrolls
 b - a scroll of identify {unknown}
 c - a scroll of noise {unknown}
Potions
 a - a potion of brilliance {unknown}
 d - a potion of heal wounds {unknown}


   Skills:
 - Level 3.0 Fighting
 - Level 4.0 Dodging
 * Level 2.6 Stealth
 + Level 3.3 Unarmed Combat


You had one spell level left.
You didn't know any spells.
Your spell library was empty.

Dungeon Overview and Level Annotations

Branches:
Dungeon (1/15)

Altars:


Innate Abilities, Weirdness & Mutations

You have sharp claws.
You have razor-sharp teeth.
You have supernaturally acute eyesight. (SInv)
You cover ground quickly. (Speed+)
You are covered in fur. (AC +1)
Your paws help you pounce on unaware monsters.
You are incapable of wielding weapons or throwing items.
You cannot wear armour.
You gain extra lives every three experience levels.


Message History

There are monsters nearby!
A quokka comes into view.
The hobgoblin shouts!
The bat completely misses you.
There are monsters nearby!
You scratch the bat.
You kill the bat!
Trog accepts your kill.
There are monsters nearby!
The giant cockroach misses you.
There are monsters nearby!
You closely miss the giant cockroach.
The giant cockroach bites you but does no damage.
There are monsters nearby!
You scratch the giant cockroach.
You kill the giant cockroach!
Trog accepts your kill.
A rat comes into view.
You scratch the quokka.
The quokka is heavily wounded.
The quokka misses you. The hobgoblin misses you.
There are monsters nearby!
You miss the quokka. Your bite misses the quokka.
The quokka is heavily wounded.
The quokka misses you. The hobgoblin barely misses you.
There are monsters nearby!
You scratch the quokka.
The quokka is severely wounded.
The quokka misses you. The hobgoblin completely misses you.
There are monsters nearby!
You miss the quokka. Your bite misses the quokka.
The quokka is severely wounded.
The quokka bites you. The hobgoblin completely misses you.
There are monsters nearby!
You scratch the quokka. Your bite misses the quokka.
The quokka is almost dead.
The quokka bites you. The hobgoblin hits you.
* * * LOW HITPOINT WARNING * * *
The quokka bites you.
You die...

#......##### ##....##..
#!#### ##...##.#.#....#
##..##.#.##....
##.#.........# # #
#####+#..#.##...####.#.#
.........#.#............
.#####...#.#...†.r.....#
.# ##....#....@gr.....
.# ##.#.#...........# .#
#.#....########## .#
#.#.##....# .#
#.#.#####.## .#
#.#.#####..# .#
#.....[..#.# .#
#........#.###
########.............


You could see a quokka, a hobgoblin and a rat.

Vanquished Creatures
  A dart slug (D:1)
  A giant cockroach (D:1)
  A goblin (D:1)
  3 hobgoblins (D:1)
  A quokka (D:1)
  2 bats (D:1)
  2 frilled lizards (D:1)
  3 kobolds (D:1)
  A rat (D:1)
15 creatures vanquished.

Notes
Turn   | Place    | Note
-------+----------+-------------------------------------------
     0 | D:1      | MisterFreud the Felid Berserker began the quest for the
                  | Orb.
     0 | D:1      | Reached XP level 1. HP: 10/10 MP: 2/2
    38 | D:1      | Reached skill level 1 in Stealth
   356 | D:1      | Reached XP level 2. HP: 14/14 MP: 3/3
   559 | D:1      | Slain by a quokka

Illustrated notes

Levels and vault maps discovered:
D:1:      mrwooster_arrival_arrow, layout_basic

Skill      XL: |  1 |
---------------+----+-----
Stealth        | 2 |  2.6
Fighting       | |  3.0
Dodging        | |  4.0
Unarmed Combat | |  3.3

Action                   || total
-------------------------++-------
Melee: Unarmed           ||    44
       Punch             ||     2
       Bite              ||     2
Invok: Berserk           ||     1
 Stab: Sleeping          ||     1
Armor: Skin              ||     3
Dodge: Dodged            ||    38
